 Dungeon Crawl Stone Soup version 0.21-a0-153-g78480df (webtiles) character file.

438 4thArraOfDagon the Sneak (level 7, 0/61 HPs)
             Began as an Octopode Enchanter on Aug 1, 2017.
             Was a Priest of Cheibriados (penitent).
             Slain by a gnoll
             ... wielding a +0 club
              (8 damage)
             ... on level 3 of the Dungeon.
             The game lasted 00:10:24 (2027 turns).

4thArraOfDagon the Sneak (Octopode Enchanter)       Turns: 2027, Time: 00:10:24

Health: 0/61       AC:  3    Str: 10 (12) XL:     7   Next: 1%
Magic:  10/10      EV: 14    Int: 18 (20) God:    Cheibriados [*]
Gold:   156        SH:  0    Dex: 11 (12) Spells: 7/10 levels left

rFire    + . .     SeeInvis .   q - +0 long sword
rCold    + . .     Gourm    .   (no shield)
rNeg     . . .     Faith    .   n - +2 hat
rPois    +         Spirit   .   (no amulet)
rElec    +         Reflect  .   (no ring)
rCorr    +         Harm     .   (no ring)
MR       .....     Rnd*Rage +   (no ring)
Stlth    ..........             (no ring)
HPRegen  0.20/turn              (no ring)
MPRegen  0.12/turn              (no ring)
                                (no ring)
                                (no ring)

@: berserking (expiring), lethally poisoned (0 -> -1), resistant, very slow
A: almost no armour, stealthy swim, amphibious, 8 rings, constrict 8, camouflage
1, berserk 1, frail 1, gelatinous body 1, subdued magic 1
a: Renounce Religion


You were on level 3 of the Dungeon.
You worshipped Cheibriados.
Cheibriados was demanding penance.
You were hungry.

You visited 1 branch of the dungeon, and saw 3 of its levels.

You collected 156 gold pieces.

Inventory:

Hand Weapons
 a - a +1 dagger
 q - a +0 long sword (weapon)
Armour
 n - a +2 hat (worn)
Wands
 j - a wand of polymorph (23/24)
Scrolls
 h - 5 scrolls of remove curse
Potions
 d - a potion of magic {unknown}
 e - a potion of flight
 f - a potion of lignification
 m - a potion of berserk rage
Books
 b - a book of Maledictions

   Spells                             Type                      Level
   a - Corona                         Hexes                        1
   b - Ensorcelled Hibernation        Hexes/Ice                    2
   c - Confuse                        Hexes                        3
   d - Tukima's Dance                 Hexes                        3
   e - Dazzling Spray                 Conjuration/Hexes            3
Comestibles
 c - 2 bread rations
 g - 6 fruits
 r - a meat ration


   Skills:
 + Level 3.1 Fighting
 - Level 3.0(3.3) Short Blades
 * Level 2.0(2.8) Long Blades
 + Level 4.0 Dodging
 - Level 4.2 Stealth
 - Level 2.0 Spellcasting
 - Level 3.0 Hexes
 + Level 2.9 Invocations


You had 7 spell levels left.
You knew the following spells:

 Your Spells              Type           Power        Failure   Level  Hunger
a - Corona                Hex            #......      4%          1    #......
b - Ensorcelled Hibernat  Hex/Ice        #.....       12%         2    ###....


Dungeon Overview and Level Annotations

Branches:
Dungeon (3/15)

Altars:
Cheibriados
Makhleb
Okawaru
Ru
Sif Muna
Yredelemnul

Annotations:
D:2 Natasha


Innate Abilities, Weirdness & Mutations

You cannot wear most types of armour.
You are very stealthy in the water. (Stealth+)
You are amphibious.
You can wear up to eight rings at the same time.
You can use your tentacles to constrict eight enemies at once.
Your skin changes colour to match your surroundings (Stealth+).
Your rubbery body absorbs attacks. (AC +1, EV +1)
You tend to lose your temper in combat.
You are frail. (-10% HP)
Your spells are a little easier to cast, but a little less powerful.


Message History

Cheibriados thoroughly appreciates the change of pace.
Your Fighting skill increases to level 3!
Your Long Blades skill increases to level 2!
Your Dodging skill increases to level 4!
You feel sick. The gnoll hits you with a whip!
* * * LOW HITPOINT WARNING * * *
Unknown command.
You slash the gnoll!
You kill the gnoll!
Cheibriados appreciates the change of pace.
You feel your dexterity returning.
You have reached level 7!
You are feeling hungry.
The gnoll barely misses you.
Unknown command.
Unknown command.
You closely miss the gnoll. Your grab misses the gnoll.
The gnoll is moderately wounded.
You feel sick. The gnoll barely misses you. The gnoll hits you with a club!
You die...

####### #...#.##...#######...)
#....># ##.<.).'...#)†).......
#+###.#######..##.#...###).......
...............##.#.....'........
....########...##.#....##.......#
....'.#... #...##.#.............#
....#.....##...##.#.............#
......#.###.....#.#........#+####
........# #....g@.##.......# #
........# #.###g####.......# #
....##......#.#g...#.......# #
#..## .#### #....g.........# #..#
.# ###.####g####+# #..###.#
#........g# .......###.##......#
##...........#####.#
######.###.#.#####g#


You could see 3 gnolls.

Vanquished Creatures
  A sky beast (D:3)
  A gnoll sergeant (D:3)
  A scorpion (D:3)
  Robin (D:3)
  3 gnolls (D:3)
  8 adders
  4 worms
  3 dart slugs
  3 leopard geckos
  An orc (D:3)
  5 bats
  3 giant cockroaches
  17 goblins
  10 hobgoblins
  20 jackals
  7 kobolds
  A quokka (D:2)
  2 ball pythons (D:1)
  4 frilled lizards
  5 rats
100 creatures vanquished.

Notes
Turn   | Place    | Note
-------+----------+-------------------------------------------
     0 | D:1      | 4thArraOfDagon the Octopode Enchanter began the quest for the Orb.
     0 | D:1      | Reached XP level 1. HP: 11/11 MP: 3/3
    85 | D:1      | Reached XP level 2. HP: 11/17 MP: 5/5
   130 | D:1      | Learned a level 2 spell: Ensorcelled Hibernation
   188 | D:2      | Found a snail-covered altar of Cheibriados.
   198 | D:2      | Became a worshipper of Cheibriados the Contemplative
   257 | D:2      | Reached XP level 3. HP: 14/22 MP: 3/6
   357 | D:2      | Reached skill level 1 in Fighting
   396 | D:2      | Found a deep blue altar of Sif Muna.
   408 | D:2      | Noticed Natasha
   446 | D:2      | Found a faded altar of an unknown god.
   540 | D:1      | Reached * piety under Cheibriados
   623 | D:1      | Reached XP level 4. HP: 28/28 MP: 7/7
  1036 | D:3      | Reached skill level 1 in Invocations
  1036 | D:3      | Reached XP level 5. HP: 28/34 MP: 5/8
  1191 | D:2      | Found a basalt altar of Yredelemnul.
  1191 | D:2      | Found a burning altar of Makhleb.
  1210 | D:2      | Reached ** piety under Cheibriados
  1275 | D:3      | Found a sacrificial altar of Ru.
  1288 | D:3      | Found an iron altar of Okawaru.
  1341 | D:3      | Noticed Robin
  1365 | D:3      | Killed Robin
  1702 | D:3      | Reached XP level 6. HP: 40/41 MP: 9/9
  1713 | D:3      | Reached *** piety under Cheibriados
  1764 | D:3      | Noticed a sky beast
  1805 | D:3      | Killed a sky beast
  1805 | D:3      | Reached skill level 1 in Long Blades
  1810 | D:3      | Gained mutation: You tend to lose your temper in combat. [mutagenic meat]
  1811 | D:3      | Gained mutation: Your spells are a little easier to cast, but a little less powerful. [mutagenic meat]
  1812 | D:3      | Gained mutation: You are frail. (-10% HP) [mutagenic meat]
  2022 | D:3      | Was placed under penance by Cheibriados
  2026 | D:3      | Reached XP level 7. HP: 8/41 MP: 10/10
  2027 | D:3      | Slain by a gnoll

Vault maps used:
D:1:      minmay_arrival_split_and_join, supply_closet_lemuel,
          roderic_serpentine_path
D:2:      kb_forest_paths, old_standard_altar, kennysheep_slug_shrine,
          amethyst_overflow_temple_binary, chequers_ecumenical_altar_twisty,
          hangedman_decor_growths, kennysheep_generic_room_16, uniq_natasha
D:3:      lemuel_castle_with_subvaults, nicolae_overflow_quartered_altars,
          minivault_14, uniq_robin, uniq_grinder

Skill      XL: |  1  2  3  4  5  6 |
---------------+-------------------+-----
Fighting       | 1 2 3 |  3.1
Short Blades   | 2 3 |  3.0
Dodging        | 3 4 |  4.0
Invocations    | 1 2 |  2.9
Long Blades    | 2 |  2.0
Stealth        | |  4.2
Spellcasting   | |  2.0
Hexes          | |  3.0

Action                   |  1- 3 |  4- 6 |  7- 9 || total
-------------------------+-------+-------+-------++-------
Melee: Dagger            |    63 |    96 |       ||   159
       Constrict         |    15 |    35 |       ||    50
       Tentacles         |    10 |    25 |       ||    35
       Long sword        |       |    24 |     1 ||    25
 Cast: Corona            |     5 |     1 |       ||     6
       Ensorcelled Hiber |     4 |     7 |       ||    11
Evoke: Wand              |       |     1 |       ||     1
  Use: Scroll            |     1 |     5 |       ||     6
       Potion            |       |     7 |       ||     7
 Stab: Sleeping          |    11 |    20 |       ||    31
       Distracted        |     1 |     2 |       ||     3
  Eat: Chunk             |       |     5 |       ||     5
Armor: Skin              |     7 |    37 |       ||    44
Dodge: Dodged            |    44 |    98 |     2 ||   144
       Rpst.: Long sword |       |    11 |       ||    11
